 Dungeon Crawl Stone Soup version 0.18.1-8-gdd0e5ea (webtiles) character file.

71721 nikopol the Severer (level 14, -5/207 HPs)
             Began as a Minotaur Berserker on May 30, 2016.
             Was the Champion of Trog.
             Killed by divine providence
             ... invoked by an orc priest
              (17 damage)
             ... on level 2 of the Orcish Mines.
             The game lasted 01:25:35 (21619 turns).

nikopol the Severer (Minotaur Berserker)           Turns: 21619, Time: 01:25:36

Health: -5/207     AC: 11    Str: 33    XL:     14   Next: 98%
Magic:  22/22      EV: 19    Int:  4    God:    Trog [******]
Gold:   1915       SH: 16    Dex: 18    Spells: 0 memorised, 13 levels left

rFire  x . .     SeeInvis .     v - +8 hand axe "Lilar" {chop, *Drain Str+2 Dex+7 Stlth+}
rCold  + . .     Gourm    .     Y - +1 ring mail {rPois}
rNeg   . . .     Faith    .     L - +1 shield
rPois  +         Spirit   .     (helmet restricted)
rElec  .         Dismiss  .     z - +0 cloak of the Sun {rC+}
rCorr  .         Reflect  .     f - +0 pair of gloves
SustAt .         Harm     +     (no boots)
MR     ++...                    D - amulet of harm
Stlth  ..........               O - ring of protection from magic
                                G - ring "Bocohota" {+Fly rF- MP+9 Slay+2}

@: berserking, drained, very quick, very resistant to hostile enchantments,
extremely unstealthy
A: retaliatory headbutt, horns 2, robust 1
a: Berserk, Trog's Hand, Brothers in Arms, Burn Spellbooks, Renounce Religion,
Evoke Flight


You were on level 2 of the Orcish Mines.
You worshipped Trog.
Trog was exalted by your worship.
You were not hungry.

You visited 3 branches of the dungeon, and saw 20 of its levels.
You also visited: Ice Cave.

You collected 2643 gold pieces.
You spent 728 gold pieces at shops.

Inventory:

Hand Weapons
 j - a +1 executioner's axe of chopping
 u - the +9 broad axe of Qanar {chop, rC+ Str+4}
   (Trog gifted it to you on level 2 of the Lair of Beasts)

   It inflicts extra damage upon your enemies.
   It affects your strength (+4).
   It protects you from cold.
 v - the +8 hand axe "Lilar" (weapon) {chop, *Drain Str+2 Dex+7 Stlth+}
   (You found it on level 4 of the Dungeon)

   It inflicts extra damage upon your enemies.
   It affects your strength (+2).
   It affects your dexterity (+7).
   It causes draining when unequipped.
   It makes you more stealthy.
 B - a +2 scythe of slicing
 X - a +6 antimagic broad axe
Missiles
 l - 6 silver javelins
 J - 45 tomahawks (quivered)
 W - 5 javelins of returning
Armour
 f - a +0 pair of gloves (worn)
 q - a +1 chain mail of fire resistance
 z - the +0 cloak of the Sun (worn) {rC+}
   (You acquired it on level 2 of the Orcish Mines)

   It protects you from cold.
 L - a +1 shield (worn)
 Y - a +1 ring mail of poison resistance (worn)
Jewellery
 a - a +3 ring of strength
 o - a +4 ring of dexterity
 y - an uncursed ring of positive energy
 D - an amulet of harm (around neck)
 G - the ring "Bocohota" (left hand) {+Fly rF- MP+9 Slay+2}
   (You found it in an ice cave)

   [ring of flight]

   It affects your accuracy and damage with ranged weapons and melee attacks
   (+2).
   It makes you vulnerable to fire.
   It affects your magic capacity (+9).
   It lets you fly.
 H - an uncursed ring of protection from fire
 O - a ring of protection from magic (right hand)
 T - a +1 ring of evasion
 U - an uncursed amulet of dismissal
Wands
 n - a wand of lightning (8/15)
 s - a wand of polymorph (12/24)
 t - a wand of iceblast (7/15)
 F - a wand of disintegration (19/24)
 I - a wand of digging (13/24)
 M - a wand of random effects (21/48)
Scrolls
 d - 10 scrolls of remove curse
 g - 3 scrolls of blinking
 h - 4 scrolls of teleportation
 k - a scroll of enchant armour
 w - 3 scrolls of recharging
Potions
 b - 2 potions of berserk rage
 e - a potion of resistance
 i - 4 potions of haste
 m - 3 potions of heal wounds
 p - 6 potions of curing
 r - 6 potions of agility
 A - 2 potions of brilliance
 K - 4 potions of flight
 N - a potion of ambrosia
 S - a potion of magic {unknown}
 V - 2 potions of might {unknown}
Comestibles
 c - 12 bread rations
 x - 29 fruits
 C - 6 meat rations
 E - 4 beef jerkies
 P - a chunk of flesh
 Q - 17 royal jellies


   Skills:
 + Level 12.1(11.5) Fighting
 * Level 15.5(15.2) Axes
 - Level 5.5(11.1) Polearms
 + Level 9.3(8.8) Throwing
 + Level 11.8(11.2) Armour
 + Level 11.3(10.8) Dodging
 * Level 14.2(13.6) Shields


You had 13 spell levels left.
You didn't know any spells.

Dungeon Overview and Level Annotations

Branches:
Dungeon (10/15)            Temple (0/1) D:5            Lair (8/8) D:10
  Swamp (0/4) Lair:6        Snake (0/4) Lair:6        Slime (0/6) Lair:8
    Orc (2/2) D:10
    Elf: Orc:2

Altars:
Fedhas
Makhleb
Nemelex Xobeh
Pakellas
Qazlal
Ru
Trog
Xom
Zin
The Shining One
Beogh

Shops:
D:3 }   D:5 }   Orc:2 *(


Innate Abilities, Weirdness & Mutations

You reflexively headbutt those who attack you in melee.
You have a pair of horns on your head.
You are robust (+10% HP).


Message History

The orc warrior is moderately wounded.
You hit the orc sorcerer but do no damage.
The smoke demon gestures at you. Something smites you!
You closely miss the orc sorcerer. You slash the sixfirhy!
The sixfirhy is severely wounded.
You hit the orc warrior.
The orc warrior is heavily wounded.
The orc warrior hits you with a battleaxe!!
* * * LOW HITPOINT WARNING * * *
You block the orc sorcerer's attack.
A red film seems to cover your vision as you go berserk!
You feel yourself moving faster!
You feel mighty!
You feel somewhat more hungry. The sixfirhy hits you!
* * * LOW HITPOINT WARNING * * *
The sixfirhy shocks you!
* * * LOW HITPOINT WARNING * * *
The orc priest mumbles some strange prayers to Beogh against you.
Beogh smites you!
You die...

###....# ##..###
#....8....#
#.....## #....##
#.........# #.....#
##....##
##.......##
......## #......##
##.....## ....#..##
#...#...# ##...##
.).##...####..###.#
#####
)..###...##.####.##
.)## ##..### #)#
...## ##.# #@#
..).# #.## #.o4o4#
.#..##### #...o3..#
###..# ##.....##
##)# ##.[.## ##)#
##### .# ##


You could see a rust devil, a sixfirhy, a smoke demon, an orc sorcerer, an orc
warrior and an orc priest.

Vanquished Creatures
  Rupert (Lair:6)
  2 orc warlords (Orc:2)
  Nessos (Orc:2)
  A fire dragon (Lair:8)
  2 ice dragons (IceCv)
  3 hydras
  A queen ant (Lair:2)
  3 death yaks (Lair:8)
  5 orc high priests (Orc:2)
  Nergalle (Lair:3)
  A fire crab (Lair:8)
  2 lindwurms (Lair:8)
  2 hill giants
  2 oklob plants
  An orc sorcerer (Orc:2)
  2 griffons
  2 cyclopes
  Maurice (D:10)
  5 black mambas
  2 ice statues (IceCv)
  13 elephants (Lair:6)
  13 spiny frogs
  6 torpor snails (Lair:8)
  A centaur skeleton (D:10)
  7 komodo dragons
  5 rime drakes
  3 trolls
  A queen bee (D:10)
  4 giant leeches (Lair:8)
  3 two-headed ogres (Orc:2)
  Grinder (D:3)
  11 blink frogs
  52 yaks
  Sigmund (D:4)
  5 basilisks
  2 wyverns
  6 hippogriffs
  2 wargs
  20 soldier ants (Lair:2)
  3 nagas (Lair:6)
  11 water moccasins
  Duvessa (D:7)
  12 porcupines
  28 orc warriors
  26 ice beasts
  4 phantoms
  3 sky beasts
  5 black bears
  6 wasps
  11 ogres
  A centaur (D:8)
  11 wolves
  16 crocodiles
  13 giant frogs
  Dowan (D:7)
  3 scorpions
  24 killer bees (D:10)
  An electric eel (Lair:6)
  2 centaur zombies
  2 crimson imps
  A quasit (D:10)
  A giant frog zombie (D:10)
  4 hounds
  4 jellies
  23 orc priests
  13 orc wizards
  2 giant frog skeletons
  4 gnoll shamans (D:6)
  7 iguanas
  27 worker ants
  A killer bee zombie (D:10)
  10 sheep
  A worker ant zombie (D:6)
  Robin (D:3)
  41 gnolls (D:6)
  10 adders
  95 river rats
  3 shadow imps
  2 adder skeletons
  2 adder zombies (D:10)
  19 worms
  A dart slug (D:4)
  6 giant geckos
  88 orcs
  3 giant cockroaches
  13 goblins
  10 hobgoblins
  18 jackals
  5 kobolds
  5 quokkas
  2 ball pythons
  6 bats
  2 giant newts
  A jackal skeleton (D:7)
  A jackal zombie (D:5)
  3 rats
  3 bushes (Lair:7)
  A butterfly (Lair:1)
  19 fungi
  23 plants
861 creatures vanquished.

Vanquished Creatures (collateral kills)
  A komodo dragon (Lair:1)
  2 blink frogs (Lair:1)
  A river rat (Lair:1)
4 creatures vanquished.

Vanquished Creatures (others)
  A goblin (D:3)
  12 fungi
  11 plants
24 creatures vanquished.

Grand Total: 889 creatures vanquished

Notes
Turn   | Place    | Note
--------------------------------------------------------------
     0 | D:1      | nikopol the Minotaur Berserker began the quest for the Orb.
     0 | D:1      | Reached XP level 1. HP: 19/19 MP: 0/0
   134 | D:1      | Reached XP level 2. HP: 19/26 MP: 1/1
   967 | D:2      | Reached ** piety under Trog
   967 | D:2      | Reached XP level 3. HP: 23/33 MP: 2/2
  1448 | D:3      | Reached XP level 4. HP: 32/40 MP: 3/3
  1568 | D:3      | Noticed Robin
  1568 | D:3      | Noticed Grinder
  1581 | D:3      | Reached *** piety under Trog
  1586 | D:3      | Killed Robin
  1586 | D:3      | Reached XP level 5. HP: 47/47 MP: 4/4
  1603 | D:3      | Paralysed by Grinder for 4 turns
  1610 | D:3      | Killed Grinder
  1610 | D:3      | Reached skill level 5 in Polearms
  1610 | D:3      | Reached skill level 1 in Throwing
  1610 | D:3      | Reached XP level 6. HP: 28/55 MP: 5/5
  1789 | D:3      | Found a bloodstained altar of Trog.
  1838 | D:3      | Found a shimmering altar of Xom.
  1935 | D:3      | Found an oddly glowing altar of Pakellas.
  1935 | D:3      | Found Pakellas's Prime Provisions.
  2205 | D:4      | Got a brightly glowing hand axe
  2206 | D:4      | Identified the +8 hand axe "Lilar" {chop, *Drain Str+2 Dex+7 Stlth+} (You found it on level 4 of the Dungeon)
  2236 | D:4      | Reached skill level 5 in Fighting
  2236 | D:4      | Reached skill level 1 in Axes
  2382 | D:4      | Reached skill level 2 in Axes
  2382 | D:4      | Reached XP level 7. HP: 43/61 MP: 6/6
  2486 | D:4      | Noticed Sigmund
  2495 | D:4      | Killed Sigmund
  2495 | D:4      | Reached skill level 3 in Axes
  2674 | D:5      | Entered Level 5 of the Dungeon
  2681 | D:5      | Reached skill level 5 in Armour
  2748 | D:5      | Found a sacrificial altar of Ru.
  2898 | D:5      | Found a staircase to the Ecumenical Temple.
  3201 | D:5      | Found Urhaleurph's Gadget Emporium.
  3624 | D:6      | Reached XP level 8. HP: 56/70 MP: 7/7
  3627 | D:6      | Reached **** piety under Trog
  3631 | D:6      | Reached skill level 4 in Axes
  3930 | D:6      | Reached skill level 5 in Dodging
  3995 | D:6      | Received a gift from Trog
  4088 | D:6      | Reached skill level 5 in Axes
  4396 | D:6      | Reached ***** piety under Trog
  4520 | D:6      | Reached skill level 6 in Axes
  4834 | D:6      | Reached XP level 9. HP: 77/78 MP: 8/8
  4960 | D:6      | Found a sparkling altar of Nemelex Xobeh.
  4960 | D:6      | Found a stormy altar of Qazlal.
  5458 | D:7      | Noticed Dowan
  5460 | D:7      | Noticed Duvessa
  5464 | D:7      | Killed Duvessa
  5464 | D:7      | Reached skill level 7 in Axes
  5466 | D:7      | Killed Dowan
  5530 | D:7      | Found a glowing golden altar of the Shining One.
  5706 | D:7      | Found a burning altar of Makhleb.
  5951 | D:8      | Reached skill level 1 in Shields
  6387 | D:8      | Reached skill level 8 in Axes
  6653 | D:8      | Found a glowing silver altar of Zin.
  7020 | D:9      | Received a gift from Trog
  7455 | D:9      | Noticed a hill giant
  7465 | D:9      | Killed a hill giant
  7465 | D:9      | Reached skill level 5 in Throwing
  7465 | D:9      | Reached XP level 10. HP: 41/88 MP: 9/9
  7681 | D:10     | Entered Level 10 of the Dungeon
  7723 | D:10     | Found a staircase to the Orcish Mines.
  7775 | D:10     | Noticed a hill giant
  7786 | D:10     | Killed a hill giant
  7786 | D:10     | Reached skill level 9 in Axes
  7786 | D:10     | Reached skill level 5 in Shields
  7969 | D:10     | Found a staircase to the Lair.
  8042 | D:10     | Reached ****** piety under Trog
  8045 | D:10     | Received a gift from Trog
  8473 | D:10     | Reached skill level 10 in Axes
  8544 | D:10     | Noticed a cyclops
  8545 | D:10     | Noticed Maurice
  8554 | D:10     | Killed Maurice
  8555 | D:10     | Killed a cyclops
  8555 | D:10     | Reached XP level 11. HP: 95/95 MP: 10/10
  9028 | Lair:1   | Entered Level 1 of the Lair of Beasts
  9533 | Lair:1   | Noticed an eight-headed hydra
  9543 | Lair:1   | Killed a 13-headed hydra
 10268 | Lair:2   | Reached skill level 11 in Axes
 10287 | Lair:2   | Received a gift from Trog
 10398 | Lair:2   | Got a crude broad axe {god gift}
 10403 | Lair:2   | Identified the +9 broad axe of Qanar {chop, rC+ Str+4} (Trog gifted it to you on level 2 of the Lair of Beasts)
 10684 | Lair:2   | Reached XP level 12. HP: 79/106 MP: 11/11
 10999 | Lair:2   | Noticed a queen ant
 11014 | Lair:2   | Killed a queen ant
 11014 | Lair:2   | Reached skill level 10 in Shields
 11087 | Lair:2   | Reached skill level 10 in Fighting
 11122 | Lair:2   | Received a gift from Trog
 11208 | Lair:2   | Reached skill level 12 in Axes
 11801 | Lair:3   | Noticed Nergalle
 11813 | Lair:3   | Killed Nergalle
 11813 | Lair:3   | Reached skill level 10 in Armour
 12447 | Lair:4   | Received a gift from Trog
 12537 | Lair:4   | Received a gift from Trog
 12569 | Lair:4   | Found a frozen archway.
 12591 | IceCv    | Entered an ice cave
 13252 | IceCv    | Reached XP level 13. HP: 114/114 MP: 12/12
 13417 | IceCv    | Reached skill level 13 in Axes
 13701 | IceCv    | Got a steaming pewter ring
 13772 | Lair:4   | Identified the ring "Bocohota" {+Fly rF- MP+9 Slay+2} (You found it in an ice cave)
 15384 | Lair:6   | Noticed Rupert
 15394 | Lair:5   | Reached skill level 10 in Dodging
 15654 | Lair:6   | Found a staircase to the Swamp.
 15723 | Lair:6   | Received a gift from Trog
 15982 | Lair:6   | Reached skill level 14 in Axes
 16098 | Lair:6   | Received a gift from Trog
 16099 | Lair:6   | Found a staircase to the Snake Pit.
 16135 | Lair:6   | Found a sparkling altar of Nemelex Xobeh.
 16535 | Lair:6   | Killed Rupert
 16853 | Lair:7   | Gained mutation: You are robust (+10% HP). [potion of beneficial mutation]
 16889 | Lair:7   | Reached XP level 14. HP: 116/136 MP: 13/13
 16917 | Lair:7   | Found a blossoming altar of Fedhas.
 17544 | Lair:8   | Entered Level 8 of the Lair of Beasts
 18109 | Lair:8   | Received a gift from Trog
 18176 | Lair:8   | Found a staircase to the Slime Pits.
 18730 | Lair:8   | Found a runed door.
 19107 | Lair:8   | Received a gift from Trog
 19241 | Lair:8   | Reached skill level 15 in Axes
 19503 | Orc:1    | Entered Level 1 of the Orcish Mines
 19841 | Orc:2    | Entered Level 2 of the Orcish Mines
 20137 | Orc:2    | Received a gift from Trog
 20308 | Orc:2    | Noticed Nessos
 20323 | Orc:2    | Killed Nessos
 20576 | Orc:2    | Noticed an orc warlord
 20598 | Orc:2    | Killed an orc warlord
 20605 | Orc:2    | Received a gift from Trog
 20776 | Orc:2    | Found a roughly hewn altar of Beogh.
 20804 | Orc:2    | Found Daqiatiz's Antique Weapon Emporium.
 20966 | Orc:2    | Found Kadupput's General Store.
 21148 | Orc:2    | Bought a scroll of acquirement for 728 gold pieces
 21152 | Orc:2    | Got a spiked cloak
 21163 | Orc:2    | Identified the +0 cloak of the Sun {rC+} (You acquired it on level 2 of the Orcish Mines)
 21433 | Orc:2    | Noticed an orc warlord
 21447 | Orc:2    | Killed an orc warlord
 21619 | Orc:2    | Killed from afar by an orc priest

Skill      XL: |  1  2  3  4  5  6  7  8  9 10 11 12 13 14 |
---------------+-------------------------------------------+-----
Armour         | 3 4 5 6 7 8 9 10 11 | 11.8
Polearms       | 4 5 |  5.5
Dodging        | 3 4 5 7 8 9 10 11 | 11.3
Fighting       | 4 5 6 7 8 9 10 11 12 | 12.1
Throwing       | 1 2 3 4 5 6 7 8 9 |  9.3
Axes           | 2 3 6 8 10 11 12 14 15 | 15.5
Shields        | 4 7 9 11 13 14 | 14.2

Action                   |  1- 3 |  4- 6 |  7- 9 | 10-12 | 13-15 || total
-------------------------+-------+-------+-------+-------+-------++-------
Melee: Spear             |   101 |    58 |       |       |       ||   159
       Headbutt          |    15 |    12 |    69 |   202 |   282 ||   580
       Hand axe          |       |    23 |   247 |   603 |   856 ||  1729
Throw: Tomahawk          |       |       |     5 |    12 |    37 ||    54
       Javelin           |       |       |     2 |     4 |       ||     6
Invok: Berserk           |       |     1 |     3 |     5 |     6 ||    15
       Burn Spellbooks   |       |       |     2 |     1 |     1 ||     4
       Trog's Hand       |       |       |       |     1 |       ||     1
       Brothers in Arms  |       |       |       |     1 |       ||     1
  Use: Scroll            |       |       |    19 |     1 |     7 ||    27
       Potion            |       |       |       |     1 |     1 ||     2
 Stab: Sleeping          |       |       |    13 |       |     1 ||    14
       Distracted        |       |       |     2 |       |       ||     2
  Eat: Chunk             |     2 |     4 |    17 |    21 |    30 ||    74
       Beef jerky        |       |       |     1 |       |       ||     1
       Pizza             |       |       |       |     1 |       ||     1
       Fruit             |       |       |       |     1 |     1 ||     2
       Royal jelly       |       |       |       |     1 |       ||     1
Armor: Animal skin       |     4 |       |       |       |       ||     4
       Scale mail        |     9 |    16 |     4 |       |       ||    29
       Leather armour    |       |       |    22 |       |       ||    22
       Chain mail        |       |       |     6 |   108 |    87 ||   201
       Ring mail         |       |       |       |       |     1 ||     1
Dodge: Dodged            |    33 |    34 |   157 |   229 |   199 ||   652
Block: Shield            |       |       |     5 |   347 |   334 ||   686
